 Dungeon Crawl Stone Soup version 0.27-a0-1036-g8e1b44f6bd (webtiles) character file.

Game seed: 3938825549649610219

106817 funkygono the Thaumaturge (level 16, 0/87 HPs)
             Began as a Gargoyle Fire Elementalist on Apr 17, 2021.
             Was the Champion of Vehumet.
             Slain by a ghost moth (8 damage)
             ... on level 4 of the Lair of Beasts on Apr 18, 2021.
             The game lasted 01:56:38 (34298 turns).

funkygono the Thaumaturge (GrFE)                   Turns: 34298, Time: 01:56:40

Health: 0/87       AC: 35    Str: 12 (19) XL:     16   Next: 45%
Magic:  0/32       EV:  2    Int: 12 (30) God:    Vehumet [******]
Gold:   1865       SH:  0    Dex: -5 (10) Spells: 7/39 levels left

rFire    . . .     SeeInvis .   h - +0 whip (venom)
rCold    + + .     Faith    .   f - +1 buckler {reflect}
rNeg     + . .     Spirit   .   o - +5 ring mail {rF+}
rPois    ∞         Reflect  +   S - +1 helmet
rElec    +         Harm     .   L - +0 cloak "Tubulimn" {rC+ Str+2 Stlth+}
rCorr    .         Rampage  .   c - +0 pair of gloves
Will     +....                  l - +1 pair of boots
Stlth    ..........             b - amulet of Ruaxkaor {rF- rC+ Regen+ Str+2 Int+10}
HPRegen  1.24/turn              E - ring of wizardry
MPRegen  0.23/turn              M - +4 ring of protection

@: mighty, flying, held, slowed, lost dexterity, very slow
A: AC +12, big wings, negative energy resistance 1, electricity resistance,
torment resistance 1, unbreathing 1, petrification resistance
a: Renounce Religion


You were on level 4 of the Lair of Beasts.
You worshipped Vehumet.
Vehumet was exalted by your worship.
You visited 5 branches of the dungeon, and saw 23 of its levels.
You also visited: Bailey.

You collected 3685 gold pieces.
You spent 1820 gold pieces at shops.

Inventory:

Hand Weapons
 h - a +0 whip of venom (weapon)
 y - a +1 morningstar of protection
 R - a +0 whip of electrocution
Missiles
 i - 477 stones
 w - 2 throwing nets
Armour
 c - a +0 pair of gloves (worn)
 f - a +1 buckler of reflection (worn)
 l - a +1 pair of boots (worn)
 o - a +5 ring mail of fire resistance (worn)
 z - a +0 cloak
 C - a +0 helmet
 L - the +0 cloak "Tubulimn" (worn) {rC+ Str+2 Stlth+}
   (You bought it in a shop on level 2 of the Dungeon)

   It affects your strength (+2).
   It protects you from cold.
   It makes you more stealthy.
 S - a +1 helmet (worn)
Magical Staves
 v - a staff of poison
Jewellery
 b - the amulet of Ruaxkaor (around neck) {rF- rC+ Regen+ Str+2 Int+10}
   (You acquired it on level 1 of the Dungeon)

   [amulet of regeneration]

   It affects your strength (+2).
   It affects your intelligence (+10).
   It makes you vulnerable to fire.
   It protects you from cold.
   It increases your rate of health regeneration.
 j - an amulet of guardian spirit
 r - a ring of wizardry
 E - a ring of wizardry (left hand)
 F - a ring of protection from cold
 M - a +4 ring of protection (right hand)
 N - an amulet of faith
Wands
 a - a wand of charming (10)
 e - a wand of polymorph (4)
 n - a wand of mindburst (8)
 t - a wand of acid (12)
 B - a wand of iceblast (5)
 G - a wand of flame (27)
 I - a wand of paralysis (7)
Scrolls
 d - 3 scrolls of amnesia
 k - 4 scrolls of identify
 O - a scroll of magic mapping
Potions
 p - a potion of curing
 q - 2 potions of lignification
 x - a potion of brilliance
 D - a potion of mutation
 J - a potion of might
 K - a potion of resistance
 Q - 2 potions of cancellation


   Skills:
 + Level 5.3 Fighting
 + Level 5.7 Maces & Flails
 + Level 8.2 Armour
 + Level 5.1 Dodging
 - Level 2.1 Stealth
 * Level 4.6 Shields
 + Level 12.4 Spellcasting
 + Level 12.4 Conjurations
 + Level 0.7 Hexes
 + Level 0.7 Summonings
 + Level 0.6 Necromancy
 + Level 1.0 Translocations
 + Level 1.2 Transmutations
 + Level 11.9 Fire Magic
 + Level 5.7 Ice Magic
 + Level 5.7 Air Magic
 + Level 8.7 Earth Magic
 + Level 4.5 Poison Magic


You had 7 spell levels left.
You knew the following spells:

 Your Spells              Type           Power      Damage    Failure   Level
a - Foxfire               Conj/Fire      100%       2x1d9     1%          1
b - Conjure Flame         Conj/Fire      36%        6-21      1%          3
c - Sticky Flame          Conj/Fire      36%        2d6       1%          4
d - Fireball              Conj/Fire      18%        3d9       1%          5
e - Sandblast             Erth           56%        2d13      1%          1
f - Shock                 Conj/Air       100%       1d9       1%          1
g - Bolt of Magma         Conj/Fire/Erth 17%        4d9       1%          5
h - Ignite Poison         Fire/Tmut/Pois 21%        N/A       1%          3
i - Mephitic Cloud        Conj/Pois/Air  25%        N/A       1%          3
j - Freezing Cloud        Conj/Ice/Air   13%        6-21      12%         6

Your spell library contained the following spells:

 Spells                   Type           Power      Damage    Failure   Level
 Lee's Rapid Deconstruct  Erth           14%        3d10*     1%          5
 Magic Dart               Conj           100%       1d8       1%          1
 Dazzling Flash           Conj/Hex       46%        N/A       1%          3
 Inner Flame              Hex/Fire       22%        N/A       1%          3
 Iskenderun's Battlesphe  Conj           37%        2d9       1%          5
 Starburst                Conj/Fire      18%        8x6d7     2%          6
 Ensorcelled Hibernation  Hex/Ice        30%        N/A       3%          2
 Irradiate                Conj/Tmut      11%        3d17      3%          5
 Iron Shot                Conj/Erth      16%        9d4       4%          6
 Corona                   Hex            10%        N/A       6%          1
 Summon Small Mammal      Summ           36%        N/A       6%          1
 Blink                    Tloc           N/A        N/A       8%          2
 Call Imp                 Summ           9%         N/A       9%          2
 Slow                     Hex            9%         N/A       9%          2
 Petrify                  Tmut/Erth      19%        N/A       10%         4
 Animate Armour           Summ/Erth      36%        N/A       11%         4
 Orb of Destruction       Conj           18%        9d8       11%         7
 Call Canine Familiar     Summ           9%         N/A       16%         3
 Confusing Touch          Hex            9%         N/A       16%         3
 Summon Guardian Golem    Hex/Summ       9%         N/A       16%         3
 Tukima's Dance           Hex            9%         N/A       16%         3
 Summon Ice Beast         Ice/Summ       15%        N/A       19%         4
 Summon Lightning Spire   Summ/Air       15%        N/A       19%         4
 Borgnjor's Vile Clutch   Necr/Erth      9%         N/A       28%         5
 Silence                  Hex/Air        7%         N/A       45%         5
 Alistair's Intoxication  Tmut/Pois      9%         N/A       50%         5
 Eringya's Noxious Bog    Tmut/Pois      7%         N/A       58%         6
 Spellforged Servitor     Conj/Summ      11%        N/A       65%         7
 Simulacrum               Ice/Necr       7%         N/A       95%         6
 Shadow Creatures         Summ           N/A        N/A       100%        6
 Sublimation of Blood     Necr           Unusable   N/A       N/A         2

Dungeon Overview and Level Annotations

Branches:
Dungeon (12/15)            Temple (1/1) D:5            Lair (6/6) D:8
  Swamp (0/4) Lair:4       Spider (2/4) Lair:4        Slime (0/5) Lair:5
    Orc (2/2) D:10            Elf (0/3) Orc:2        Bailey (visited)

Altars:
Dithmenos
Fedhas
Sif Muna
Vehumet
Xom
Beogh
Jiyva

Shops:
D:1 ?   D:2 [   D:6 *   Orc:2 [=(*!

Annotations:
Lair:5 1 runed translucent door, Tuononerou's ghost, journeyman TrMo


Innate Abilities, Weirdness & Mutations

Your stone body is resilient. (AC +12)
You are immune to poison.
Your large and strong wings let you fly.
You resist negative energy. (rN+)
You are resistant to electric shocks. (rElec)
You are resistant to unholy torment.
You can survive without breathing.
You are immune to petrification.


Message History

Your extra speed is starting to run out.
You feel you are being watched by something.
You feel you are being watched by something.
You feel your power leaking away.
You feel you are being watched by something. x2
Something hits you but does no damage. Something hits you!
Something stings you but does no damage.
You feel you are being watched by something.
You feel yourself slow down.
You feel you are being watched by something.
You feel your power leaking away.
You feel you are being watched by something.
Something hits you. Something hits you but does no damage.
Something stings you.
You feel you are being watched by something.
Something hits you but does no damage. Something hits you!
Something stings you but does no damage.
You feel you are being watched by something.
You feel you are being watched by something.
You feel your power leaking away. Something hits you but does no damage.
Something hits you!
* * * LOW HITPOINT WARNING * * *
Something stings you but does no damage.
You are caught in the web!
You feel you are being watched by something.
Something hits you!
* * * LOW HITPOINT WARNING * * *
You feel dopey. Something hits you!
* * * LOW HITPOINT WARNING * * *
Something stings you.
* * * LOW HITPOINT WARNING * * *
There is a web here.
You struggle to detach yourself from the web.
Something hits you.
* * * LOW HITPOINT WARNING * * *
Something hits you but does no damage.
Something stings you but does no damage.
Something hits you but does no damage. Something hits you!
You die...

#.#..####.....## ##
#......#.......# ####.
####........#### #.#.#
##.#....## ####...
###....# ##...... ###.##
####...####
#.########.....##
#..##........#.#
###.#@##...^.....#
#.###^^.^....^.###
###.#^^.........##
##...#^^...##^....# #
##........^^^##^..## #
#######........#^>^^###.#
#
#..##P..#.....#^^^^^^#####
#
#.....P#####.##^^..^###..#
# ##......#
#.##^.........### #


There were no monsters in sight!

Vanquished Creatures
  An emperor scorpion (Spider:2)
  An ettin (D:12)
  6 hydras
  Harold (D:8)
  3 centaur warriors
  4 catoblepae (Lair:6)
  8 death yaks (Lair:6)
  Pikel (D:6)
  2 bog bodies (Lair:4)
  4 orc knights
  4 orb spiders (Spider:1)
  The ghost of Flippered the Insei, a novice GnGl (D:5)
  A phantasmal warrior (D:12)
  An orc sorcerer (Orc:2)
  2 cyclopes
  3 manticores
  5 wolf spiders
  9 elephants
  Joseph (D:6)
  4 black mambas
  7 cane toads
  2 kobold demonologists (D:10)
  2 rime drakes
  13 komodo dragons
  4 demonic crawlers
  7 trolls
  3 jumping spiders
  3 polar bears
  A hornet (D:10)
  23 blink frogs
  7 dream sheep (Lair:5)
  Sigmund (D:4)
  23 redbacks
  A vampire (D:11)
  63 yaks
  2 shadows
  4 tarantellas
  7 wyverns
  A basilisk (Lair:5)
  A steam dragon (D:7)
  Grum (D:8)
  Menkaure (D:4)
  2 wargs (Orc:1)
  2 swamp worms (Lair:4)
  15 water moccasins
  Duvessa (D:5)
  30 orc warriors
  An ice beast (D:6)
  2 black bears
  2 sky beasts (D:5)
  7 ogres
  4 boggarts (Lair:5)
  19 wolves
  A lemure (D:5)
  A necrophage (D:4)
  17 centaurs
  4 kobold brigands
  A phantom (D:5)
  Blork the orc (D:5)
  10 bullfrogs
  A scorpion (D:4)
  Dowan (D:5)
  4 water moccasin skeletons
  3 killer bees (D:7)
  4 wights
  10 electric eels
  6 howler monkeys
  A bullfrog zombie (D:6)
  4 centaur zombies
  7 hounds
  Crazy Yiuf (D:5)
  2 centaur skeletons
  12 orc priests
  A jelly (D:4)
  A scorpion zombie (D:5)
  4 iguanas
  24 orc wizards
  11 hell rats
  A killer bee zombie (D:8)
  8 adders
  4 gnolls (D:5)
  A howler monkey skeleton (D:5)
  A white imp (D:7)
  2 ufetubi
  A worm (D:2)
  2 dart slugs
  81 orcs
  8 endoplasms
  2 giant cockroaches
  3 goblins
  7 hobgoblins
  5 quokkas
  4 ball pythons
  4 bats
  8 frilled lizards
  14 kobolds
  9 rats
621 creatures vanquished.

Vanquished Creatures (collateral kills)
  16 foxfires
16 creatures vanquished.

Vanquished Creatures (others)
  An orc sorcerer (Orc:1)
  An orc (Orc:2)
  A kobold (D:11)
  7 bushes
  1809 foxfires
  53 fungi
  110 plants
1982 creatures vanquished.

Grand Total: 2619 creatures vanquished

Notes
Turn   | Place    | Note
-------+----------+-------------------------------------------
     0 | D:1      | funkygono the Gargoyle Fire Elementalist began the quest
                  | for the Orb.
     0 | D:1      | Reached XP level 1. HP: 10/10 MP: 3/3
    71 | D:1      | Found Cet Jema's Magic Scroll Shoppe.
   147 | D:1      | Reached XP level 2. HP: 15/15 MP: 1/5
   586 | D:1      | Reached XP level 3. HP: 15/19 MP: 0/6
  1019 | D:1      | Identified a scroll of acquirement
  1021 | D:1      | Acquired the amulet of Ruaxkaor {rF- rC+ Regen+ Str+2
                  | Int+10}
  1061 | D:2      | Learned a level 3 spell: Conjure Flame
  1083 | D:2      | Found Unexty's Armour Emporium.
  1323 | D:2      | Reached XP level 4. HP: 24/24 MP: 4/7
  1328 | D:2      | Learned a level 4 spell: Sticky Flame
  1351 | D:2      | Found a shimmering altar of Xom.
  1843 | D:2      | Identified the Volume of Earthen Stolen Souls
  3137 | D:2      | Reached XP level 5. HP: 22/28 MP: 5/9
  3278 | D:3      | Found a faded altar of an unknown god.
  3451 | D:4      | Noticed Sigmund
  3587 | D:4      | Killed Sigmund
  3588 | D:4      | Reached skill level 5 in Fire Magic
  3588 | D:4      | Reached XP level 6. HP: 32/32 MP: 4/11
  3827 | D:4      | Reached XP level 7. HP: 36/36 MP: 9/12
  3833 | D:4      | Learned a level 5 spell: Fireball
  4218 | D:4      | Reached skill level 5 in Conjurations
  4286 | D:4      | Reached XP level 8. HP: 41/41 MP: 8/15
  4475 | D:4      | Noticed Menkaure
  4479 | D:4      | Killed Menkaure
  4480 | D:4      | Reached skill level 1 in Maces & Flails
  4480 | D:4      | Reached skill level 1 in Armour
  4480 | D:4      | Reached skill level 5 in Spellcasting
  4664 | D:4      | Found a shadowy altar of Dithmenos.
  4856 | D:4      | Learned a level 1 spell: Sandblast
  4902 | D:5      | Entered Level 5 of the Dungeon
  5160 | D:5      | Found a staircase to the Ecumenical Temple.
  5182 | Temple   | Entered the Ecumenical Temple
  5232 | Temple   | Became a worshipper of Vehumet
  5263 | D:5      | Reached skill level 1 in Earth Magic
  5307 | D:5      | Noticed Duvessa
  5321 | D:5      | Killed Duvessa
  5688 | D:5      | Reached XP level 9. HP: 46/46 MP: 14/18
  5985 | D:5      | Noticed Dowan
  5992 | D:5      | Killed Dowan
  6093 | D:5      | Noticed Flippered's ghost (novice GnGl)
  6099 | D:5      | Found a runed translucent door.
  6225 | D:5      | Noticed Blork the orc
  6233 | D:5      | Killed Blork the orc
  6596 | D:5      | Found a runed translucent door.
  6597 | D:5      | Noticed Crazy Yiuf
  6789 | D:5      | Killed Crazy Yiuf
  7047 | D:6      | Found Weitaetz's Assorted Antiques.
  7350 | D:6      | Noticed Pikel
  8146 | D:7      | Noticed Joseph
  8167 | D:7      | Reached * piety under Vehumet
  8167 | D:7      | Offered knowledge of Shock by Vehumet.
  8299 | D:6      | Killed Joseph
  8430 | D:7      | Reached XP level 10. HP: 51/51 MP: 16/21
  8432 | D:7      | Learned a level 1 spell: Shock
  8649 | D:7      | Found a flagged portal.
  8663 | Bailey   | Entered a bailey
  8663 | Bailey   | Noticed an orc knight
  8663 | Bailey   | Noticed an orc knight
  8666 | Bailey   | Noticed an orc knight
  8922 | D:7      | Reached skill level 1 in Fighting
  9475 | D:8      | Noticed Grum
  9495 | D:8      | Killed Grum
  9495 | D:8      | Reached ** piety under Vehumet
  9495 | D:8      | Offered knowledge of Magic Dart by Vehumet.
  9631 | D:8      | Noticed Harold
  9742 | D:8      | Found a staircase to the Lair.
  9822 | D:8      | Killed Harold
 10108 | D:8      | Reached XP level 11. HP: 51/59 MP: 15/23
 10535 | D:8      | Learned a level 5 spell: Bolt of Magma
 10621 | D:8      | Reached skill level 5 in Armour
 10845 | D:9      | Offered knowledge of Ignite Poison by Vehumet.
 10956 | D:9      | Learned a level 3 spell: Ignite Poison
 11287 | D:9      | Reached *** piety under Vehumet
 11623 | D:10     | Entered Level 10 of the Dungeon
 11637 | D:10     | Noticed a sun demon
 11965 | D:10     | Noticed a sixfirhy
 12281 | D:10     | Offered knowledge of Stone Arrow by Vehumet.
 12485 | D:10     | Found a staircase to the Orcish Mines.
 12671 | Lair:1   | Entered Level 1 of the Lair of Beasts
 12683 | Lair:1   | Noticed a seven-headed hydra
 12765 | D:8      | Killed a seven-headed hydra
 13000 | Lair:1   | Reached skill level 5 in Earth Magic
 13145 | Lair:1   | Reached XP level 12. HP: 63/64 MP: 23/25
 13414 | Lair:1   | Reached skill level 10 in Spellcasting
 13490 | Lair:1   | Found a shimmering altar of Xom.
 13494 | Lair:1   | Reached **** piety under Vehumet
 14339 | Lair:2   | Reached skill level 1 in Air Magic
 14387 | Lair:2   | Noticed a four-headed hydra
 14393 | Lair:2   | Killed a four-headed hydra
 14394 | Lair:2   | Reached skill level 10 in Conjurations
 14710 | Lair:2   | You fall into a shaft and drop 2 floors!
 15749 | D:1      | Bought a scroll of acquirement for 572 gold pieces
 15750 | D:1      | Acquired the Guide on Supportive Arcane Weapons
 15758 | D:1      | Learned a level 3 spell: Mephitic Cloud
 16010 | Lair:3   | Reached skill level 1 in Poison Magic
 16034 | Lair:3   | Offered knowledge of Yara's Violent Unravelling by Vehumet.
 16048 | Lair:3   | Reached skill level 10 in Fire Magic
 16222 | Lair:3   | Upgraded the game from 0.27-a0-1006-g1fd4cec11e to
                  | 0.27-a0-1036-g8e1b44f6bd
 17195 | Lair:4   | Found a hole to the Spider Nest.
 17863 | Lair:4   | Reached XP level 13. HP: 43/69 MP: 12/27
 18002 | Lair:4   | Found a staircase to the Swamp.
 18653 | Lair:5   | Reached ***** piety under Vehumet
 18657 | Lair:5   | Offered knowledge of Freezing Cloud by Vehumet.
 18665 | Lair:5   | Learned a level 6 spell: Freezing Cloud
 19111 | Lair:5   | Found a staircase to the Slime Pits.
 19112 | Lair:5   | Found a viscous altar of Jiyva.
 19119 | Lair:5   | Found a runed translucent door.
 19146 | Lair:5   | Reached skill level 1 in Ice Magic
 20203 | Lair:5   | Found a shimmering altar of Xom.
 20566 | Lair:5   | Noticed Tuononerou's ghost (journeyman TrMo)
 20586 | Lair:6   | Entered Level 6 of the Lair of Beasts
 21471 | Lair:6   | Gained mutation: Your large and strong wings let you fly.
                  | [Gargoyle growth]
 21471 | Lair:6   | Reached XP level 14. HP: 64/76 MP: 7/29
 21714 | Lair:6   | Offered knowledge of Lee's Rapid Deconstruction by Vehumet.
 22860 | Lair:6   | Reached skill level 5 in Air Magic
 23668 | Orc:1    | Entered Level 1 of the Orcish Mines
 23942 | Orc:2    | Entered Level 2 of the Orcish Mines
 24238 | Orc:1    | Reached skill level 5 in Ice Magic
 24302 | Orc:1    | Reached skill level 1 in Shields
 24942 | Orc:2    | Found Saduet's Weapon Shop.
 24942 | Orc:2    | Found Hobabeaz's General Store.
 24942 | Orc:2    | Found Heneodghu's Distillery.
 25111 | Orc:2    | Found Samiad's Jewellery Boutique.
 25421 | Orc:2    | Found a staircase to the Elven Halls.
 25562 | Orc:2    | Found Lehuow's Antique Armour Shoppe.
 26828 | D:1      | Bought a scroll of acquirement for 572 gold pieces
 26975 | D:10     | Acquired 826 gold pieces
 27026 | Orc:2    | Bought a shiny buckler for 180 gold pieces
 27038 | Orc:2    | Bought a distressingly furry ring mail for 216 gold pieces
 27038 | Orc:2    | Identified the +1 ring mail "Poujytag" {rCorr} (You bought
                  | it in a shop on level 2 of the Orcish Mines)
 27256 | D:11     | Reached XP level 15. HP: 80/80 MP: 12/31
 27501 | D:11     | Identified the +2 chain mail "Gog Tigo" {rPois Will+ Str+2
                  | Stlth+}
 28680 | D:12     | Reached skill level 5 in Maces & Flails
 29158 | D:12     | Found the +14 obsidian axe {vorpal, Drain Fly SInv}
 29336 | D:12     | Found a runed translucent door.
 30229 | D:5      | Killed Flippered's ghost
 30336 | D:5      | Reached skill level 5 in Fighting
 30336 | D:5      | Reached skill level 1 in Translocations
 30336 | D:5      | Reached skill level 1 in Transmutations
 30336 | D:5      | Reached XP level 16. HP: 87/87 MP: 32/32
 30433 | D:6      | Killed Pikel
 30621 | D:2      | Bought the +0 cloak "Tubulimn" {rC+ Str+2 Stlth+} for 280
                  | gold pieces
 30890 | Spider:1 | Entered Level 1 of the Spider Nest
 31775 | Spider:1 | You are sucked into a shaft and drop 1 floor!
 32028 | Spider:1 | Reached ****** piety under Vehumet
 32769 | Spider:1 | Reached skill level 5 in Dodging
 34109 | Spider:1 | Lost dexterity.
 34298 | Lair:4   | Slain by a ghost moth

Illustrated notes

Levels and vault maps discovered:
D:1:      nicolae_arrival_somewhat_less_tricky_arrival, layout_rooms,
          serial_shops, shop, interstate_on_off
D:2:      layout_loops_ring, serial_shops, nicolae_shop_behind_doors,
          basic_altar, serial_co_window_serial, co_window_paths_a,
          co_window_paths_b, co_window_paths_a, co_window_of_opportunity_a,
          co_window_of_opportunity_a, co_window_unsneaky_path_c,
          co_window_of_opportunity_b, co_window_cross_3, co_window_broadway_b,
          co_window_of_opportunity_c, co_window_cross_3, glass_columns_a,
          glass_columns_a, glass_columns_a
D:3:      layout_rooms, basic_ecumenical_altar
D:4:      layout_basic, marbit_many_paths, lexackson_kobold_supper,
          uniq_sigmund, uniq_menkaure
D:5:      layout_layer_cave, minmay_temple_entry_arrows,
          hellmonk_ghost_happy_afterlife, eino_small_chamber_without_monster,
          minmay_misc_feat_rows, uniq_duvessa, uniq_blork_the_orc,
          uniq_crazy_yiuf_cottage
D:6:      layout_basic, serial_shops, shop, uniq_pikel
D:7:      layout_cave_pools, enter_bailey_2, roderic_serpentine_path,
          uniq_joseph
D:8:      layout_cave_pools, erik_lair_island, uniq_grum, uniq_harold
D:9:      layout_small_grid
D:10:     layout_big_octagon, orc_0_dummy
D:11:     layout_loops_ring
D:12:     layout_basic, serial_rivers, chequers_serial_rivers_small_b,
          chequers_serial_rivers_large_a, chequers_serial_rivers_micro_b,
          chequers_serial_rivers_small_b, chequers_serial_rivers_micro_b,
          minmay_hidden_floor
Temple:   roderic_octagonal_lattice_temple
Lair:1:   layout_concentric_octagons, lemuel_centaur_altar, lemuel_fruit_tree,
          infiniplex_staircase_pool_2, lemuel_fruit_fields
Lair:2:   layout_chaotic_city, small_statue_intersection
Lair:3:   layout_chaotic_city, serial_bayou_shore_b, grunt_megastairs_4
Lair:4:   layout_cave_pods, nicolae_swamp_entry_splash_gauntlet,
          spider_nest_entry_webs
Lair:5:   layout_long_grid, slime_altar_1, ebering_ghost_reflecting_pool,
          basic_altar, kilobyte_rumbling_trees, lemuel_fruit_fields,
          grunt_megastairs_1, serial_bayou_shore_b
Lair:6:   evilmike_catoblepas_cave, layout_big_grid, serial_bayou_lake_a,
          grunt_megastairs_2
Spider:1: layout_chambers
Spider:2: layout_chambers, drop_trap
Orc:1:    layout_diamond_mine
Orc:2:    st_orc_rangers, layout_caves, serial_shops, shop_statue, basic_altar

Skill      XL: |  1  2  3  4  5  6  7  8  9 10 11 12 13 14 15 16 |
---------------+-------------------------------------------------+-----
Fire Magic     | 4 5 6 7 8 9 10 11 | 11.9
Spellcasting   | 3 4 6 7 8 9 10 11 12 | 12.4
Conjurations   | 2 3 4 5 6 7 8 9 10 11 12 | 12.4
Dodging        | 2 3 4 5 |  5.1
Maces & Flails | 1 2 3 4 5 |  5.7
Armour         | 2 3 4 6 7 8 |  8.2
Earth Magic    | 2 4 5 6 7 8 |  8.7
Fighting       | 2 3 4 5 |  5.3
Air Magic      | 3 4 5 |  5.7
Poison Magic   | 2 3 4 |  4.5
Ice Magic      | 3 5 |  5.7
Shields        | 2 3 4 |  4.6
Translocations | 1 |  1.0
Transmutations | 1 |  1.2
Stealth        | |  2.1
Hexes          | |  0.7
Summonings     | |  0.7
Necromancy     | |  0.6

Action                   |  1- 3 |  4- 6 |  7- 9 | 10-12 | 13-15 | 16-18 || total
-------------------------+-------+-------+-------+-------+-------+-------++-------
Melee: Unarmed           |    15 |       |       |       |       |     1 ||    16
       Club              |     3 |       |       |       |       |       ||     3
       Whip              |       |    20 |    51 |    55 |       |    30 ||   156
       Morningstar       |       |       |       |    43 |   190 |    97 ||   330
 Cast: Foxfire           |    48 |    82 |   214 |   343 |   272 |    80 ||  1039
       Conjure Flame     |       |     1 |     2 |     4 |       |       ||     7
       Sandblast         |       |       |    10 |    19 |    18 |       ||    47
       Sticky Flame      |       |       |     9 |    58 |   102 |    36 ||   205
       Shock             |       |       |       |    33 |    11 |     4 ||    48
       Fireball          |       |       |       |    12 |    18 |     4 ||    34
       Bolt of Magma     |       |       |       |    41 |   107 |    20 ||   168
       Mephitic Cloud    |       |       |       |     3 |    46 |     1 ||    50
       Ignite Poison     |       |       |       |     2 |    34 |       ||    36
       Freezing Cloud    |       |       |       |       |    22 |     4 ||    26
Evoke: Wand              |       |       |       |       |       |    15 ||    15
  Use: Scroll            |     3 |     5 |    10 |    12 |     6 |    10 ||    46
       Potion            |       |       |       |     5 |     7 |    11 ||    23
 Stab: Invisible         |       |       |       |       |     3 |       ||     3
Armor: Robe              |     7 |     3 |       |       |       |       ||    10
       Ring mail         |       |    17 |    50 |   185 |   359 |   854 ||  1465
Dodge: Dodged            |    25 |    21 |    56 |   152 |   248 |   185 ||   687
Block: Kite shield       |       |       |       |       |    74 |       ||    74
       Reflection        |       |       |       |       |    36 |       ||    36
       Buckler           |       |       |       |       |    26 |    84 ||   110

Table legend: (Time is in decaauts)
 A = Elapsed time spent in this place.
 B = Non-inter-level travel time spent in this place.
 C = Inter-level travel time spent in this place.
 D = Time resting spent in this place.
 E = Time spent auto-exploring this place.
 F = Levels seen in this place.
 G = Mean time per level.
                   A        B        C        D        E       F      G
               +--------+--------+--------+--------+--------+-----+--------+
         Total |  34661 |  31302 |   3359 |   2250 |  23026 |  24 | 1444.2 |
       Dungeon |  17311 |  15212 |   2099 |    951 |  11298 |  12 | 1442.6 |
        Temple |     67 |     50 |     17 |      0 |     42 |   1 |   67.0 |
          Lair |  11701 |  10568 |   1133 |    738 |   7962 |   6 | 1950.2 |
   Spider Nest |   2788 |   2760 |     28 |      0 |   2142 |   2 | 1394.0 |
  Orcish Mines |   2784 |   2704 |     80 |    561 |   1582 |   2 | 1392.0 |
        Bailey |      7 |      7 |      0 |      0 |      0 |   1 |    7.0 |
               +--------+--------+--------+--------+--------+-----+--------+

Top non-repeatable levels by time:
  Lair:6: 2900 daAuts
     D:5: 2493 daAuts
  Lair:4: 2449 daAuts
Spider:1: 2089 daAuts
  Lair:5: 1934 daAuts
   Orc:2: 1797 daAuts
     D:2: 1790 daAuts
  Lair:1: 1698 daAuts
     D:8: 1673 daAuts
    D:12: 1625 daAuts
     D:4: 1613 daAuts
     D:6: 1579 daAuts
  Lair:3: 1544 daAuts
     D:7: 1406 daAuts
     D:9: 1266 daAuts
